 Dungeon Crawl Stone Soup version 0.29-a0-8-g0446c0dae4 (webtiles) character file.

Game seed: 5822001734144682298

420 testman the Chopper (level 6, -5/53 (58) HPs)
             Began as a Hill Orc Monk on Jan 27, 2022.
             Was a Believer of Uskayaw.
             Slain by Edmund (10 damage)
             ... on level 4 of the Dungeon.
             The game lasted 00:13:14 (3420 turns).

testman the Chopper (Hill Orc Monk)                 Turns: 3420, Time: 00:13:15

HP:   -5/53 (58)    AC:  6    Str: 18    XL:     6   Next: 94%
MP:   3/8           EV: 11    Int: 10    God:    Uskayaw [**....]
Gold: 88            SH:  0    Dex: 13    Spells: 5/5 levels left

rFire   . . .      SeeInvis .   a - +0 hand axe
rCold   . . .      Faith    .   (no shield)
rNeg    + . .      Spirit   .   o - +0 ring mail
rPois   .          Reflect  .   (no helmet)
rElec   .          Harm     .   m - +0 cloak
rCorr   .          Rampage  .   (no gloves)
Will    ++...                   (no boots)
Stlth   +.........              i - amulet "Iczer" {Fragile Will++ Regen+ Str+2}
HPRegen 0.97/turn               p - ring of positive energy
MPRegen 0.11/turn               (no ring)

@: drained
A: no striking features
a: Renounce Religion, Stomp, Line Pass


You were on level 4 of the Dungeon.
You worshipped Uskayaw.
Uskayaw was noncommittal.
You visited 1 branch of the dungeon, and saw 4 of its levels.

You collected 88 gold pieces.

Inventory:

Hand Weapons
 a - a +0 hand axe (weapon)
 h - a +0 hunting sling
Missiles
 d - 111 stones (quivered)
 n - 8 poisoned darts
Armour
 b - a +0 robe
 m - a +0 cloak (worn)
 o - a +0 ring mail (worn)
Jewellery
 i - the amulet "Iczer" (around neck) {Fragile Will++ Regen+ Str+2}
   (You found it on level 2 of the Dungeon)

   [amulet of regeneration]

   Str:       It affects your strength (+2).
   Regen:     It increases your rate of health regeneration.
   Fragile:   It will be destroyed if unequipped.
   Will:      It greatly increases your willpower.
 p - a ring of positive energy (left hand)
Scrolls
 c - a scroll of noise {unknown}
 e - 2 scrolls of identify {unknown}
 f - a scroll of amnesia {unknown}
 j - 3 scrolls of holy word {unknown}
 q - a scroll of teleportation {unknown}
Potions
 g - a potion of invisibility {unknown}
 k - 2 potions of mutation {unknown}
 l - 3 potions of curing {unknown}
 r - 2 potions of might {unknown}


   Skills:
 + Level 6.3 Fighting
 + Level 7.0 Axes
 - Level 2.4 Dodging
 - Level 1.5 Stealth
 + Level 3.7 Invocations


You had 5 spell levels left.
You didn't know any spells.
Your spell library was empty.

Dungeon Overview and Level Annotations

Branches:
Dungeon (4/15)
 Temple: D:4-7

Altars:
Cheibriados
Uskayaw

Shops:
D:1 [

Annotations:
D:4 Edmund


Message History

Edmund is severely wounded.
Edmund closely misses you.
You barely miss Edmund.
Edmund is severely wounded.
Edmund barely misses you.
Okay, then.
You closely miss Edmund.
Edmund is severely wounded.
Edmund closely misses you.
You hit Edmund but do no damage.
Edmund is severely wounded.
Edmund closely misses you.
You completely miss Edmund.
Edmund is severely wounded.
Edmund barely misses you.
You hit Edmund.
Edmund is almost dead.
Edmund hits you with a +4 flail of draining!
You partially resist.
You feel drained.
You hit Edmund but do no damage.
Edmund is almost dead.
Edmund barely misses you.
You hit Edmund but do no damage.
Edmund is almost dead.
Edmund hits you with a +4 flail of draining.
You partially resist.
You feel drained.
Okay, then.
You hit Edmund.
Edmund is almost dead.
Edmund closely misses you.
You closely miss Edmund.
Edmund is almost dead.
Edmund hits you with a +4 flail of draining!
* * * LOW HITPOINT WARNING * * *
You partially resist.
You feel drained.
* * * LOW HITPOINT WARNING * * *
You hit Edmund.
Edmund is almost dead.
Edmund hits you with a +4 flail of draining!
You die...

......... ..
.......# #..
......###..#
#.........>#
#.=.........
.....?.....
#.@.......
#.@.$.....
#)........
...........
##...^......
#.#........
..#........
......#....#
...#######..#


You could see Edmund.

Vanquished Creatures
  Grinder (D:3)
  A scorpion (D:3)
  Crazy Yiuf (D:2)
  3 gnolls (D:3)
  2 adders (D:2)
  A howler monkey skeleton (D:4)
  An adder skeleton (D:4)
  3 worms
  2 dart slugs (D:3)
  3 orcs
  9 endoplasms
  A giant cockroach (D:1)
  3 goblins
  5 hobgoblins
  3 quokkas
  4 ball pythons
  5 bats
  A frilled lizard (D:2)
  6 kobolds
  6 rats
61 creatures vanquished.

Notes
Turn   | Place    | Note
-------+----------+-------------------------------------------
     0 | D:1      | testman the Hill Orc Monk began the quest for the Orb.
     0 | D:1      | Reached XP level 1. HP: 19/19 MP: 1/1
   169 | D:1      | Reached XP level 2. HP: 27/27 MP: 2/2
   184 | D:1      | Found a faded altar of an unknown god.
   190 | D:1      | Prayed at the altar of an unknown god.
   190 | D:1      | Became a worshipper of Uskayaw the Reveller
   190 | D:1      | Reached * piety under Uskayaw
   190 | D:1      | Reached ** piety under Uskayaw
   788 | D:1      | Found Reuxifo's Armour Shoppe.
  1073 | D:2      | Reached XP level 3. HP: 22/34 MP: 3/3
  1304 | D:2      | Reached skill level 5 in Axes
  1712 | D:2      | Identified the amulet "Iczer" {Fragile Will++ Regen+ Str+2}
  1890 | D:2      | Reached XP level 4. HP: 41/41 MP: 4/4
  2129 | D:2      | Found a runed translucent door.
  2130 | D:2      | Noticed Crazy Yiuf
  2140 | D:2      | Killed Crazy Yiuf
  2141 | D:2      | Reached skill level 5 in Fighting
  2387 | D:3      | Reached *** piety under Uskayaw
  2389 | D:3      | Reached skill level 1 in Invocations
  2389 | D:3      | Reached XP level 5. HP: 33/48 MP: 5/5
  2500 | D:3      | Found a snail-covered altar of Cheibriados.
  2766 | D:3      | Reached skill level 6 in Axes
  3341 | D:4      | Noticed Grinder
  3341 | D:4      | Noticed Edmund
  3384 | D:3      | Killed Grinder
  3385 | D:3      | Reached XP level 6. HP: 57/57 MP: 6/8
  3407 | D:4      | Reached skill level 7 in Axes
  3420 | D:4      | Slain by Edmund

Illustrated notes

Levels and vault maps discovered:
D:1:      erik_arrival_triangle_huge, layout_basic, serial_shops,
          nicolae_shop_behind_doors, shapermc_ecumenical_altar_petra
D:2:      layout_basic, uniq_crazy_yiuf_cottage
D:3:      layout_loops_corners, kennysheep_slug_shrine, dk_noncrumbling_2,
          minivault_14, kennysheep_cross_room, minivault_14, chequers_garden,
          grunt_ministairs_1
D:4:      layout_rooms, tgw_trog, lemuel_doored_altar,
          kennysheep_orc_sif_temple, uniq_grinder, uniq_edmund

Skill      XL: |  1  2  3  4  5  6 |
---------------+-------------------+-----
Fighting       | 4 5 6 |  6.3
Axes           | 5 6 7 |  7.0
Invocations    | 1 3 |  3.7
Dodging        | |  2.4
Stealth        | |  1.5

Action                   |  1- 3 |  4- 6 || total
-------------------------+-------+-------++-------
Melee: Hand axe          |   122 |   137 ||   259
       Punch             |     5 |     1 ||     6
Throw: Dart              |       |     8 ||     8
       Stone             |       |     2 ||     2
Invok: Stomp             |     1 |     3 ||     4
       Line Pass         |       |     1 ||     1
 Stab: Sleeping          |     5 |     2 ||     7
       Paralysed         |       |     1 ||     1
Armor: Robe              |    22 |     7 ||    29
       Ring mail         |       |    20 ||    20
Dodge: Dodged            |    69 |    83 ||   152

Table legend: (Time is in decaauts)
 A = Elapsed time spent in this place.
 B = Non-inter-level travel time spent in this place.
 C = Inter-level travel time spent in this place.
 D = Time resting spent in this place.
 E = Time spent auto-exploring this place.
 F = Levels seen in this place.
 G = Mean time per level.
                   A        B        C        D        E       F      G
               +--------+--------+--------+--------+--------+-----+--------+
         Total |   3434 |   3350 |     84 |    498 |   2222 |   4 |  858.5 |
       Dungeon |   3434 |   3350 |     84 |    498 |   2222 |   4 |  858.5 |
               +--------+--------+--------+--------+--------+-----+--------+

Top non-repeatable levels by time:
     D:2: 1240 daAuts
     D:3: 1113 daAuts
     D:1: 1059 daAuts
     D:4: 21 daAuts
